 Dungeon Crawl Stone Soup version 0.13.0-25-g43d4df3 (webtiles) character file.

11227 Leibowitz the Nimble (level 11, -3/99 HPs)
             Began as a Kobold Fighter on Oct 27, 2013.
             Was a High Priest of Okawaru.
             Slain by a troll (5 damage)
             ... on Level 11 of the Dungeon on Oct 28, 2013.
             The game lasted 00:55:16 (12838 turns).

Leibowitz the Nimble (Kobold Fighter)              Turns: 12838, Time: 00:55:16

HP  -3/99        AC 11     Str 22      XL: 11   Next: 92%
MP  13/13        EV 22     Int  6      God: Okawaru [*****.]
Gold 817         SH 14     Dex 17      Spells:  0 memorised, 10 levels left

Res.Fire  : . . .   See Invis. : .   a - +1 orc short sword (venom)
Res.Cold  : + . .   Warding    : .   z - +1 scale mail {rC+}
Life Prot.: . . .   Conserve   : .   c - +0 buckler
Res.Poison: .       Res.Corr.  : .   q - +0 crested helmet
Res.Elec. : .       Clarity    : .   y - +0 cloak
Sust.Abil.: . .     Spirit.Shd : .   h - +0 pair of gloves
Res.Mut.  : .       Stasis     : .   (no boots)
Res.Rott. : .       Flight     : .   j - amulet of rage
Saprovore : + + .                    e - +0,+8 ring of slaying
                                     C - +4 ring of evasion

@: berserking, glowing, very quick, somewhat resistant to hostile enchantments,
extremely unstealthy
A: disease resistance, carnivore 3, saprovore 2
a: Heroism, Finesse, Renounce Religion, Evoke Berserk Rage


You were on level 11 of the Dungeon.
You worshipped Okawaru.
Okawaru was extremely pleased with you.
You were not hungry.

You visited 2 branches of the dungeon, and saw 12 of its levels.

You collected 797 gold pieces.

Inventory:

Hand weapons
 a - a +1,+1 orcish short sword of venom (weapon)
 b - a +0 blowgun
 v - a -1,+0 orcish dagger of freezing (quivered)
 J - a +0,+0 short sword
Missiles
 i - 29 poisoned needles
 k - 2 curare-tipped needles
Armour
 c - a +0 buckler (worn)
 h - a +0 pair of gloves (worn)
 q - a +0 crested helmet (worn)
 y - a +0 cloak (worn)
 z - a +1 scale mail of cold resistance (worn)
Magical devices
 l - a wand of digging (2)
 o - a wand of lightning (1)
 u - a wand of paralysis (10)
 x - a wand of digging (17)
 F - a wand of flame (8)
 I - a wand of heal wounds (7)
Comestibles
 d - a meat ration
Scrolls
 f - a scroll of enchant weapon I
 g - 2 scrolls of remove curse
 m - a scroll of magic mapping
 n - a scroll of teleportation
 t - 8 scrolls of identify
 w - 2 scrolls of blinking
Jewellery
 e - a +0,+8 ring of slaying (right hand)
 j - an amulet of rage (around neck)
 A - an uncursed ring of protection from magic {unknown}
 C - a +4 ring of evasion (left hand)
Potions
 r - a potion of magic
 s - a potion of berserk rage


   Skills:
 * Level 7.8 Fighting
 + Level 8.9 Short Blades
 + Level 4.3 Armour
 * Level 12.4 Dodging
 * Level 10.2 Stealth
 * Level 6.5 Shields
 + Level 1.0 Invocations
 + Level 2.0 Evocations


You had 10 spell levels left.
You didn't know any spells.

Dungeon Overview and Level Annotations

Branches:
Dungeon (11/27)            Temple (1/1) D:4             Orc (0/4) D:6
   Lair: D:8-13

Altars:
Ashenzari
Cheibriados
Elyvilon
Fedhas
Kikubaaqudgha
Makhleb
Nemelex Xobeh
Okawaru
Sif Muna
Trog
Vehumet
Xom
Zin

Shops:
D:11 %

Annotations:
D:2 exclusion: oklob plant
D:4 Menkaure


Innate Abilities, Weirdness & Mutations

You recuperate from illness quickly.
You are small and have problems with some larger weapons.
You are carnivorous and can eat meat at any time.
You can eat rotten meat.


Message History

Ouch! The troll closely misses you. The troll barely misses you.
The troll claws you!
You closely miss the troll.
You feel less confused. The troll bites you!
* * * LOW HITPOINT WARNING * * *
The troll misses you. The troll claws you but does no damage.
Drink which item? (? for menu, Esc to quit)
A red film seems to cover your vision as you go berserk!
You feel yourself moving faster!
You feel mighty! The troll bites you!
* * * LOW HITPOINT WARNING * * *
The troll misses you. You block the troll's attack.
You hit the troll.
The troll is lightly wounded.
You slash the troll!
The troll is poisoned.
The troll is moderately wounded.
You puncture the troll!
The troll looks even sicker.
The troll is severely wounded.
The troll misses you. You block the troll's attack. The troll claws you.
You die...

#.##.#####.##... #.##.#
#>##... #.##.# #.##...
#.##.# #....<. #.##.#
#####.. # #.##)# #.#
.#####.####.##(#########.#
........T.................
..#######@#.)..>.........#
#.###...########## #
#............#
#.##.#.#.#.####.#
...#.#[#.# #)#)#.#.#
#.#######∩....#.#
#.......)..#..#
#####.####...##


You could see a troll.

Vanquished Creatures
  Josephine (D:10)
  Nergalle (D:10)
  Erolcha (D:8)
  Pikel (D:6)
  The ghost of timbw the Covert, an experienced SpEn of Zin (D:11)
  A troll (D:10)
  Prince Ribbit (D:6)
  A two-headed ogre (D:10)
  A wyvern (D:10)
  A hungry ghost (D:8)
  6 yaks (D:10)
  A hill giant zombie (D:8)
  A necrophage (D:9)
  A manticore (D:8)
  5 orc warriors
  A black bear (D:6)
  4 ice beasts
  7 ogres
  2 phantoms
  3 centaurs
  Sigmund (D:2)
  A water moccasin (D:8)
  6 giant frogs
  A wyvern skeleton (D:9)
  15 killer bees
  A hippogriff zombie (D:9)
  12 wights
  An electric eel (D:9)
  A goliath beetle (D:8)
  5 crimson imps
  6 orc priests
  5 hounds
  2 giant frog zombies
  3 big fish
  Crazy Yiuf (D:3)
  4 jellies
  6 orc wizards
  2 iguanas (D:10)
  A scorpion (D:6)
  10 worker ants
  An ogre zombie (D:10)
  An ogre skeleton (D:8)
  A big kobold skeleton (D:9)
  2 mummies (D:9)
  A two-headed ogre simulacrum (D:10)
  4 gnolls (D:7)
  12 adders
  A worm zombie (D:10)
  An inept feature mimic (D:5)
  2 worms
  A scorpion zombie (D:8)
  A giant centipede zombie (D:10)
  An adder skeleton (D:4)
  An adder zombie (D:7)
  2 iguana skeletons
  2 giant eyeballs
  3 oozes (D:2)
  56 orcs
  A bat skeleton (D:6)
  4 giant cockroaches
  15 goblins
  21 hobgoblins
  17 jackals
  5 quokkas
  16 bats
  A giant gecko (D:9)
  A giant gecko zombie (D:6)
  4 giant newts
  2 giant spores (D:9)
  13 kobolds
  2 kobold skeletons
  10 rats
  A rat skeleton (D:7)
  4 spectral orcs (D:10)
  22 ballistomycetes
357 creatures vanquished.

Vanquished Creatures (others)
  A jelly (D:9)
  A worker ant (D:8)
  An adder skeleton (D:8)
  2 orcs (D:6)
  A giant spore (D:8)
  A rat (D:4)
  A ballistomycete (D:8)
8 creatures vanquished.

Grand Total: 365 creatures vanquished

Notes
Turn   | Place    | Note
--------------------------------------------------------------
     0 | D:1      | Leibowitz, the Kobold Fighter, began the quest for the Orb.
     0 | D:1      | Reached XP level 1. HP: 14/14 MP: 0/0
   174 | D:1      | Reached skill level 1 in Stealth
   199 | D:1      | Reached XP level 2. HP: 17/19 MP: 1/1
   601 | D:1      | Reached XP level 3. HP: 12/24 MP: 2/2
  1155 | D:2      | Reached skill level 1 in Dodging
  1358 | D:2      | Reached XP level 4. HP: 28/28 MP: 3/3
  1447 | D:2      | Noticed Sigmund
  1558 | D:2      | Found a blossoming altar of Fedhas.
  1596 | D:2      | Reached XP level 5. HP: 17/33 MP: 4/4
  1708 | D:2      | Noticed an oklob plant
  2244 | D:3      | Found a shattered altar of Ashenzari.
  2790 | D:3      | Noticed Crazy Yiuf
  2974 | D:3      | Killed Crazy Yiuf
  3193 | D:2      | Killed Sigmund
  3193 | D:2      | Reached skill level 4 in Dodging
  3193 | D:2      | Reached XP level 6. HP: 27/38 MP: 5/5
  3554 | D:4      | Found an ancient bone altar of Kikubaaqudgha.
  3631 | D:4      | Found a staircase to the Ecumenical Temple.
  3657 | Temple   | Entered the Ecumenical Temple
  3719 | Temple   | Became a worshipper of Warmaster Okawaru
  3943 | D:4      | Noticed Menkaure
  3950 | D:5      | Entered Level 5 of the Dungeon
  4184 | D:5      | Reached XP level 7. HP: 34/43 MP: 6/6
  5599 | D:6      | Reached skill level 5 in Dodging
  5929 | D:6      | Found a staircase to the Orcish Mines.
  5989 | D:6      | Acquired Okawaru's first power
  6445 | D:6      | Reached XP level 8. HP: 40/48 MP: 7/7
  6499 | D:6      | Noticed Prince Ribbit
  6517 | D:6      | Reached skill level 6 in Dodging
  6574 | D:6      | Killed Prince Ribbit
  6574 | D:6      | Reached skill level 5 in Fighting
  6574 | D:6      | Reached skill level 5 in Short Blades
  6632 | D:6      | Reached skill level 5 in Stealth
  6807 | D:6      | Reached skill level 7 in Dodging
  6942 | D:6      | Noticed Pikel
  6950 | D:6      | Killed Pikel
  6950 | D:6      | Reached XP level 9. HP: 54/54 MP: 9/9
  6983 | D:6      | Reached skill level 8 in Dodging
  7568 | D:7      | Paralysed by a giant eyeball for 3 turns
  8072 | D:7      | Reached skill level 1 in Evocations
  8110 | D:8      | Reached skill level 9 in Dodging
  8377 | D:8      | Reached XP level 10. HP: 60/60 MP: 7/10
  8425 | D:8      | Noticed Erolcha
  8439 | D:8      | Reached skill level 5 in Shields
  8467 | D:8      | Killed Erolcha
  8467 | D:8      | Reached skill level 10 in Dodging
  8760 | D:8      | Paralysed by a potion of paralysis for 3 turns
  9034 | D:8      | Acquired Okawaru's second power
  9482 | D:8      | Reached skill level 11 in Dodging
  9789 | D:9      | Reached XP level 11. HP: 65/65 MP: 13/13
 10472 | D:9      | Received a gift from Okawaru
 10683 | D:10     | Entered Level 10 of the Dungeon
 10717 | D:10     | Noticed Josephine
 10738 | D:10     | Killed Josephine
 10896 | D:10     | Noticed Nergalle
 10920 | D:10     | Killed Nergalle
 11004 | D:10     | Reached skill level 1 in Invocations
 11022 | D:10     | Reached skill level 12 in Dodging
 12483 | D:10     | Reached skill level 10 in Stealth
 12682 | D:11     | Noticed timbw's ghost (experienced SpEn)
 12746 | D:11     | Found Kaufasuf's Food Shoppe.
 12831 | D:11     | Killed timbw's ghost
 12835 | D:11     | HP: 1/99 [troll (15)]
 12838 | D:11     | Slain by a troll

Action                   |  1- 3 |  4- 6 |  7- 9 | 10-12 || total
-------------------------+-------+-------+-------+-------++-------
Melee: Short sword       |   178 |   258 |   480 |   700 ||  1616
 Fire: Blowgun           |       |    18 |    20 |       ||    38
Throw: Dagger            |       |       |       |     1 ||     1
Invok: Heroism           |       |       |     3 |     5 ||     8
 Abil: Evoke Berserk Rag |       |       |       |     1 ||     1
Evoke: Wand              |     3 |     1 |    12 |     8 ||    24
  Use: Scroll            |       |       |    18 |     4 ||    22
       Potion            |       |       |    10 |     4 ||    14
 Stab: Sleeping          |     3 |     6 |     6 |    10 ||    25
       Distracted        |       |       |     1 |     2 ||     3
       Paralysed         |       |       |       |     1 ||     1
